 Dungeon Crawl Stone Soup version 0.25-a0-510-ge065f6de7d (console) character file.

Game seed: 14630290704920989502, levelgen mode: deterministic

7931 surprisetrex the Arsonist (level 11, -4/86 HPs)
             Began as a Hill Orc Fire Elementalist on Feb 15, 2020.
             Was an Elder of Okawaru.
             Slain by an unseen horror (9 damage)
             ... on level 10 of the Dungeon.
             The game lasted 01:44:55 (16626 turns).

surprisetrex the Arsonist (HOFE)                   Turns: 16626, Time: 01:44:55

Health: -4/86      AC:  8    Str: 12    XL:     11   Next: 23%
Magic:  8/13       EV: 15    Int: 18    God:    Okawaru [****..]
Gold:   531        SH:  5    Dex: 11    Spells: 0/13 levels left

rFire    + + .     SeeInvis .   b - +1 broad axe (distort)
rCold    . . .     Gourm    .   N - +0 buckler
rNeg     . . .     Faith    .   g - +0 robe
rPois    .         Spirit   .   f - +0 helmet
rElec    .         Reflect  .   L - +0 cloak
rCorr    .         Harm     .   (no gloves)
MR       .....     Clarity  +   w - +1 pair of boots
Stlth    +++.......             (no amulet)
HPRegen  0.24/turn              u - ring of protection from fire
MPRegen  0.13/turn              t - ring of stealth

@: no status effects
A: icy blue scales 1, clarity, fire resistance 1
a: Heroism, Renounce Religion


You were on level 10 of the Dungeon.
You worshipped Okawaru.
Okawaru was greatly pleased with you.
You were not hungry.

You visited 2 branches of the dungeon, and saw 11 of its levels.
You also visited: Sewer.

You collected 531 gold pieces.

Inventory:

Hand Weapons
 b - a +1 broad axe of distortion (weapon)
 x - the +5 dagger of Pewiub {venom, rC+ Str+3}
   (You found it on level 4 of the Dungeon)

   It poisons the flesh of those it strikes.
   It affects your strength (+3).
   It protects you from cold.
 W - a +0 war axe of flaming
Missiles
 d - 395 stones
 o - 19 poisoned darts (quivered)
 s - 2 javelins
Armour
 f - a +0 helmet (worn)
 g - a +0 robe (worn)
 n - a +0 plate armour
 w - a +1 pair of boots (worn)
 L - a +0 cloak (worn)
 N - a +0 buckler (worn)
 V - a +0 kite shield
Magical Staves
 M - a cursed staff of power
Jewellery
 i - an uncursed ring of fire
 p - a +3 ring of strength
 t - a ring of stealth (right hand)
 u - a ring of protection from fire (left hand)
 z - an uncursed ring of protection from fire
 P - an uncursed amulet of rage
Wands
 y - a wand of disintegration (8)
 Q - a wand of random effects (36)
 S - a wand of clouds (5)
 U - a wand of paralysis (9)
Scrolls
 a - 2 scrolls of enchant armour
 j - 2 scrolls of teleportation
 k - 6 scrolls of remove curse
 l - 3 scrolls of immolation
 m - a scroll of fog {unknown}
 r - a scroll of fear
 v - 3 scrolls of random uselessness
 G - a scroll of vulnerability {unknown}
 I - a scroll of blinking {unknown}
 J - a scroll of noise {unknown}
 O - a scroll of amnesia {unknown}
 R - a scroll of enchant weapon {unknown}
 T - a scroll of silence {unknown}
 X - a scroll of magic mapping {unknown}
 Y - a scroll of holy word {unknown}
Potions
 e - 8 potions of curing
 h - 3 potions of magic
 q - 3 potions of heal wounds
 A - 5 potions of brilliance
 B - a potion of might {unknown}
 C - 4 potions of flight
 D - 2 potions of ambrosia {unknown}
 E - a potion of mutation
 F - 2 potions of agility
 H - a potion of berserk rage {unknown}
 K - 2 potions of lignification
Comestibles
 c - 17 rations


   Skills:
 - Level 5.1 Fighting
 - Level 6.2 Axes
 - Level 7.0 Dodging
 - Level 1.5 Stealth
 - Level 4.8 Shields
 - Level 1.5 Spellcasting
 - Level 9.2 Conjurations
 + Level 10.1 Fire Magic


You couldn't memorise any spells.
You knew the following spells:

 Your Spells              Type           Power        Failure   Level  Hunger
a - Foxfire               Conj/Fire      ####         1%          1    ##.....
b - Sticky Flame          Conj/Fire      #####...     3%          4    #####..
c - Fireball              Conj/Fire      #####.....   10%         5    ######.
d - Conjure Flame         Conj/Fire      #####...     1%          3    ####...

Your spell library contained the following spells:

 Spells                   Type           Power        Failure   Level  Hunger
 Inner Flame              Hex/Fire       ###.....     7%          3    ####...
 Stone Arrow              Conj/Erth      ###...       9%          3    ####...
 Ignite Poison            Fire/Tmut/Pois ##......     14%         3    ####...
 Mephitic Cloud           Conj/Pois/Air  ##......     16%         3    ####...
 Sandblast                Erth           #.....       19%         1    ##.....
 Sting                    Tmut/Pois      #...         19%         1    ##.....
 Summon Butterflies       Summ           #.......     19%         1    ##.....
 Passwall                 Tmut/Erth      #.......     28%         2    ###....
 Poisonous Vapours        Pois/Air       #.....       28%         2    ###....
 Call Canine Familiar     Summ           #.......     50%         3    ####...
 Olgreb's Toxic Radiance  Pois           #.......     88%         4    #####..
 Petrify                  Tmut/Erth      #.......     88%         4    #####..
 Summon Ice Beast         Ice/Summ       #.......     88%         4    #####..
 Lee's Rapid Deconstruct  Erth           #.........   99%         5    ######.
 Summon Mana Viper        Hex/Summ       #.......     99%         5    ######.
 Summon Hydra             Summ           #.........   100%        7    #######


Dungeon Overview and Level Annotations

Branches:
Dungeon (10/15)            Temple (1/1) D:4            Lair (0/6) D:10
    Orc (0/2) D:9           Sewer (visited)

Altars:
Ashenzari
Cheibriados
Dithmenos
Elyvilon
Fedhas
Gozag
Hepliaklqana
Kikubaaqudgha
Makhleb
Nemelex Xobeh
Okawaru
Qazlal
Ru
Sif Muna
Trog
Uskayaw
Vehumet
Wu Jian
Xom
Yredelemnul
Zin
The Shining One

Shops:
D:4 *   D:5 *

Annotations:
D:9 4 runed translucent doors


Innate Abilities, Weirdness & Mutations

You are partially covered in icy blue scales. (AC +2)
You possess an exceptional clarity of mind.
Your flesh is heat resistant. (rF+)


Message History

The arrow barely misses you.
The centaur burns!
You kill the centaur!
Okawaru accepts your kill. Something hits you but does no damage.
Something hits you!
* * * LOW HITPOINT WARNING * * *
You block something's attack. Something hits you!
* * * LOW HITPOINT WARNING * * *
Something barely misses you.
You miss something. Something hits you.
* * * LOW HITPOINT WARNING * * *
Something barely misses you. Something hits you!
* * * LOW HITPOINT WARNING * * *
Something hits you.
* * * LOW HITPOINT WARNING * * *
Something hits you!
You die...

#.#.#########....
#.#.### #....
#######.....#
#....
#...........#
#####
##.######..(.#
#..........### #
#........).# #
#..........# #
#......@...# #
#..........# #
#........(.# #
##.#######.# # #.
#.# # #.# #.# #.#
#(#


There were no monsters in sight!

Vanquished Creatures
  A centaur warrior (D:10)
  A troll (D:9)
  A hippogriff (D:7)
  A wyvern (D:8)
  4 yaks (D:9)
  12 orc warriors
  4 sky beasts
  An ice beast (D:3)
  A necrophage (D:7)
  4 phantoms
  4 centaurs
  4 ogres
  A crocodile (D:9)
  4 big kobolds (Sewer)
  4 bullfrogs
  2 gnoll sergeants (D:9)
  2 scorpions
  5 killer bees (D:9)
  3 howler monkeys
  4 crimson imps
  A centaur zombie (D:8)
  A bullfrog zombie (D:9)
  3 centaur skeletons
  4 hounds
  6 orc priests
  2 jellies
  13 orc wizards
  5 iguanas
  9 worker ants
  A hound zombie (D:9)
  A hound skeleton (D:4)
  17 gnolls
  11 adders
  3 river rats (Sewer)
  2 shadow imps
  An ooze (D:2)
  3 adder skeletons
  An adder zombie (D:7)
  3 worms
  3 dart slugs
  11 leopard geckos
  68 orcs
  8 bats
  3 giant cockroaches
  14 goblins
  17 hobgoblins
  7 jackals
  25 kobolds
  2 quokkas
  12 ball pythons
  8 frilled lizards
  2 leopard gecko skeletons (D:4)
  28 rats
358 creatures vanquished.

Vanquished Creatures (others)
  A yak (D:9)
  An orc warrior (D:9)
  A killer bee (D:9)
  A hound (D:4)
  An orc priest (D:7)
  A bullfrog skeleton (D:6)
  2 iguanas
  A hound skeleton (D:8)
  A gnoll (D:9)
  A river rat (Sewer)
  An orc (D:9)
  224 foxfires
236 creatures vanquished.

Grand Total: 594 creatures vanquished

Notes
Turn   | Place    | Note
-------+----------+-------------------------------------------
     0 | D:1      | surprisetrex the Hill Orc Fire Elementalist began the quest
                  | for the Orb.
     0 | D:1      | Reached XP level 1. HP: 14/14 MP: 3/3
     0 | D:1      | Upgraded the game from 0.25-a0-505-gae4569222e to
                  | 0.25-a0-510-ge065f6de7d
   164 | D:1      | Reached XP level 2. HP: 20/20 MP: 4/4
   248 | D:1      | Reached skill level 4 in Fire Magic
   720 | D:1      | Reached XP level 3. HP: 22/26 MP: 5/5
  1267 | D:2      | Reached skill level 5 in Fire Magic
  1363 | D:2      | Reached XP level 4. HP: 21/33 MP: 4/6
  1457 | D:2      | Noticed an orc warrior
  1939 | D:1      | Killed an orc warrior
  1939 | D:1      | Reached skill level 6 in Fire Magic
  1939 | D:1      | Reached XP level 5. HP: 28/38 MP: 1/7
  2171 | D:1      | Reached skill level 7 in Fire Magic
  2183 | D:1      | Learned a level 4 spell: Sticky Flame
  2459 | D:2      | Reached XP level 6. HP: 31/45 MP: 5/8
  2838 | D:2      | Found a shadowy altar of Dithmenos.
  2850 | D:2      | Reached skill level 1 in Fighting
  3081 | D:2      | Found a faded altar of an unknown god.
  3928 | D:3      | Found a hide-covered altar of Uskayaw.
  3928 | D:3      | Found a white marble altar of Elyvilon.
  4188 | D:3      | Found a shimmering blue altar of Sif Muna.
  4415 | D:4      | Noticed an ice beast
  4443 | D:3      | Killed an ice beast
  4443 | D:3      | Reached XP level 7. HP: 44/60 MP: 5/9
  4515 | D:4      | Reached skill level 5 in Fighting
  4707 | D:4      | Reached skill level 1 in Axes
  5172 | D:4      | Got a polished dagger
  5173 | D:4      | Identified the +5 dagger of Pewiub {venom, rC+ Str+3} (You
                  | found it on level 4 of the Dungeon)
  5234 | D:4      | Found a staircase to the Ecumenical Temple.
  5250 | Temple   | Entered the Ecumenical Temple
  5585 | Temple   | Became a worshipper of Warmaster Okawaru
  5775 | D:4      | Found a sacrificial altar of Ru.
  5794 | D:4      | Reached skill level 5 in Axes
  6030 | D:4      | Reached XP level 8. HP: 68/68 MP: 10/10
  6154 | D:4      | Found Hudd's Assorted Antiques.
  6216 | D:5      | Entered Level 5 of the Dungeon
  6305 | D:5      | Found Ynirog's Assorted Antiques.
  6405 | D:5      | Found a glowing drain.
  6434 | Sewer    | Entered a sewer
  7133 | Sewer    | Reached * piety under Okawaru
  7133 | Sewer    | Reached skill level 5 in Conjurations
  7394 | D:5      | Learned a level 5 spell: Fireball
  8074 | D:5      | Reached XP level 9. HP: 46/74 MP: 9/11
  8789 | D:6      | Found a hazy altar of Hepliaklqana.
  8806 | D:6      | Found a shattered altar of Ashenzari.
  8806 | D:6      | Found a burning altar of Makhleb.
  9150 | D:6      | Found a bloodstained altar of Trog.
 10107 | D:7      | Reached ** piety under Okawaru
 10538 | D:7      | You fall into a shaft and drop 1 floor!
 10580 | D:7      | Found a sparkling altar of Nemelex Xobeh.
 10863 | D:7      | Reached skill level 1 in Shields
 11744 | D:8      | Reached XP level 10. HP: 81/81 MP: 12/12
 11980 | D:8      | Reached skill level 8 in Fire Magic
 12139 | D:8      | Found a sparkling altar of Nemelex Xobeh.
 12418 | D:8      | Reached *** piety under Okawaru
 13064 | D:9      | Found a huge runed translucent gate.
 13065 | D:9      | Found a huge runed translucent gate.
 13084 | D:9      | Found a huge runed translucent gate.
 13158 | D:9      | Reached skill level 5 in Dodging
 13650 | D:9      | Found a staircase to the Orcish Mines.
 13708 | D:9      | Reached **** piety under Okawaru
 14751 | D:9      | Reached XP level 11. HP: 86/86 MP: 13/13
 15124 | D:9      | Found a huge runed translucent gate.
 15125 | D:9      | Noticed a manticore
 15138 | D:9      | Reached skill level 9 in Fire Magic
 15284 | D:10     | Entered Level 10 of the Dungeon
 15745 | D:10     | Noticed a centaur warrior
 15938 | D:10     | Gained mutation: Your system is resistant to poisons.
                  | (rPois) [potion of mutation]
 15938 | D:10     | Gained mutation: You are dopey. (Int -2) [potion of
                  | mutation]
 15938 | D:10     | Gained mutation: You are agile. (Dex +2) [potion of
                  | mutation]
 15939 | D:10     | Lost mutation: You are dopey. (Int -2) [potion of mutation]
 15939 | D:10     | Lost mutation: You are agile. (Dex +2) [potion of mutation]
 15939 | D:10     | Lost mutation: Your system is resistant to poisons. (rPois)
                  | [potion of mutation]
 15939 | D:10     | Gained mutation: You possess an exceptional clarity of
                  | mind. [potion of mutation]
 15939 | D:10     | Gained mutation: Your flesh is heat resistant. (rF+)
                  | [potion of mutation]
 15939 | D:10     | Gained mutation: You are partially covered in icy blue
                  | scales. (AC +2) [potion of mutation]
 16064 | D:10     | Learned a level 3 spell: Conjure Flame
 16204 | D:10     | Found a staircase to the Lair.
 16281 | D:10     | Killed a centaur warrior
 16281 | D:10     | Reached skill level 10 in Fire Magic
 16625 | D:10     | HP: 4/86 [something (6)]
 16626 | D:10     | Slain by an unseen horror

Levels and vault maps discovered:
D:1:      co_arrival_random_square_maze, layout_loops_cross
D:2:      layout_rooms, nicolae_dithmenos_through_a_glass_darkly, first_ration,
          chequers_ecumenical_altar_twisty, st_stairs_10, interstate_on_off
D:3:      layout_loops_ring, gammafunk_temple_overflow_elements,
          marbit_many_paths
D:4:      layout_basic, nicolae_ru_great_annihilating_truth,
          minmay_temple_entry_tees, serial_shops, nicolae_shop_trees
D:5:      layout_basic, cheibrodos_sewer_entry_bend, serial_shops, shop
D:6:      corexii_shantytown, layout_basic, kennysheep_mini,
          lemuel_doored_altar, gammafunk_temple_overflow_statue
D:7:      layout_basic, nemelex_spade_bored_becter
D:8:      layout_basic, nemelex_altar_shiori
D:9:      lemuel_bear_cage, layout_irregular_city,
          kennysheep_orc_monster_closet_entryway
D:10:     layout_basic, lair_entry_dummy, special_room [special_room_orc]
Temple:   minmay_temple_forest_path

Skill      XL: |  1  2  3  4  5  6  7  8  9 10 11 |
---------------+----------------------------------+-----
Fire Magic     | 4 5 6 7 8 10 | 10.1
Fighting       | 4 5 |  5.1
Axes           | 5 6 |  6.2
Conjurations   | 7 9 |  9.2
Shields        | 4 |  4.8
Dodging        | 7 |  7.0
Stealth        | |  1.5
Spellcasting   | |  1.5

Action                   |  1- 3 |  4- 6 |  7- 9 | 10-12 || total
-------------------------+-------+-------+-------+-------++-------
Melee: Dagger            |    59 |    16 |       |       ||    75
       Unarmed           |     1 |       |       |       ||     1
       Broad axe         |       |    53 |   395 |   255 ||   703
Throw: Stone             |    73 |    11 |     2 |    11 ||    97
       Dart              |       |    20 |   100 |   117 ||   237
       Javelin           |       |    23 |    45 |       ||    68
 Cast: Foxfire           |    17 |    40 |    24 |    58 ||   139
       Sticky Flame      |       |       |     5 |    14 ||    19
       Fireball          |       |       |       |     6 ||     6
  Use: Potion            |       |     1 |     1 |     6 ||     8
       Scroll            |       |       |     9 |    11 ||    20
 Stab: Sleeping          |       |     4 |    11 |     1 ||    16
  Eat: Chunk             |     2 |    10 |    16 |    22 ||    50
       Ration            |       |       |     3 |       ||     3
Armor: Robe              |    15 |    17 |    95 |    42 ||   169
Dodge: Dodged            |    40 |    66 |   198 |   169 ||   473
Block: Buckler           |       |       |     7 |    73 ||    80

Table legend:
 A = Non-vault XP
 B = Vault XP
 C = Vault XP percentage of total XP
 D = Non-vault monster count
 E = Vault monster count
 F = Vault count percentage of total count
                 A         B        C        D         E       F
            +---------+---------+-------+---------+---------+-------
      Total |    8594 |    2737 |  24.2 |     238 |     132 |  35.7
            +---------+---------+-------+---------+---------+-------
        D:1 |     202 |       0 |   0.0 |      29 |       0 |   0.0
        D:2 |     167 |       2 |   1.2 |      30 |       1 |   3.2
        D:3 |     273 |       2 |   0.7 |      16 |       1 |   5.9
        D:4 |     661 |      18 |   2.7 |      30 |       4 |  11.8
        D:5 |     886 |       5 |   0.6 |      25 |       1 |   3.8
        D:6 |     360 |     120 |  25.0 |      11 |      33 |  75.0
        D:7 |    1224 |       0 |   0.0 |      23 |       0 |   0.0
        D:8 |    1071 |       0 |   0.0 |      17 |       0 |   0.0
        D:9 |    2506 |    1980 |  44.1 |      42 |      20 |  32.3
       D:10 |    1244 |     113 |   8.3 |      15 |      24 |  61.5
      Sewer |       0 |     497 | 100.0 |       0 |      48 | 100.0
            +---------+---------+-------+---------+---------+-------
